 Dungeon Crawl Stone Soup version 0.18-a0-1347-gb9e2fb4 (webtiles) character file.

1070190 Ijustatesigmund the Conqueror (level 27, -15/249 HPs)
             Began as a Demonspawn Berserker on Feb 14, 2016.
             Was the Champion of Trog.
             Thrown by an iron giant (48 damage)
             ... created by the effects of Hell
             ... on level 7 of the Iron City of Dis on Feb 17, 2016.
             The game lasted 10:07:59 (88309 turns).

Ijustatesigmund the Conqueror (DsBe)               Turns: 88309, Time: 10:07:59

Health: -15/249    AC: 30    Str: 21    XL:     27
Magic:  0/10       EV: 33    Int: 16    God:    Trog [******]
Gold:   14861      SH: 18    Dex: 23    Spells: 0 memorised, 27 levels left

rFire  + + .     SeeInvis +     J - +9 broad axe (antimagic)
rCold  + + +     Gourm    .     p - +3 ring mail of the Scribe {rPois rC++ Regen+ Slay+2}
rNeg   + + .     Faith    .     H - +2 buckler of Vlad {rF+ Int+6}
rPois  +         Spirit   +     (helmet unavailable)
rElec  +         Dismiss  .     x - +0 cloak of Impermeability {+Blink Regen+}
rCorr  +         Reflect  +     Y - +0 pair of gloves "Qyntiavo" {rElec rPois rF+ rN+}
SustAt .         Harm     .     Z - +2 pair of boots of the Assassin {DetectMon Stab+ Stlth++}
MR     +++..                    g - +5 amulet of reflection
Stlth  +++++++++.               d - ring of the Five Spirits {rPois MR+ AC+1 Dex-2 Slay+3}
                                T - ring "Viptau" {rCorr +Fly rC+ rN+ Dex+4}

@: very slightly contaminated, extremely resistant to hostile enchantments,
incredibly stealthy
A: antennae 3, iridescent scales 3, cold resistance 1, low mp 1, passive freeze,
powered by death 3, magic shield, magic regeneration, magic link, freezing cloud
immunity
a: Berserk, Trog's Hand, Brothers in Arms, Burn Spellbooks, Renounce Religion,
Evoke Blink, Evoke Flight
}: 7/15 runes: decaying, serpentine, silver, golden, obsidian, icy, bone


You were on level 7 of the Iron City of Dis.
You worshipped Trog.
Trog was exalted by your worship.
You were not hungry.

You visited 16 branches of the dungeon, and saw 84 of its levels.
You visited the Abyss 1 time.
You visited 2 ziggurats, and saw 32 of their levels (deepest: 18).
You also visited: Labyrinth, Sewer, Ice Cave and Volcano.

You collected 16048 gold pieces.
You spent 1187 gold pieces at shops.

Inventory:

Hand Weapons
 l - the +6 war axe of Desperation {elec, rF+ Int+2 Stlth+}
   (You found it on level 7 of Tartarus)

   Occasionally, upon striking a foe, it will discharge some electrical energy
   and cause terrible harm.
   It affects your intelligence (+2).
   It protects you from fire.
   It makes you more stealthy.
 n - the +9 war axe of Wulirgham {flame, Str+6}
   (You found it on level 15 of a ziggurat)

   It has been specially enchanted to burn those struck by it, causing extra
   injury to most foes and up to half again as much damage against particularly
   susceptible opponents.
   Big, fiery blades are also staple armaments of hydra-hunters.
   It affects your strength (+6).
 J - a +9 antimagic broad axe (weapon)
 W - the +12 blowgun "Eschigik" {speed, rElec MR+ Str+4 Int+5}
   (You found it on level 12 of the Dungeon)

   Attacks with this weapon are significantly faster.
   It affects your strength (+4).
   It affects your intelligence (+5).
   It insulates you from electricity.
   It affects your resistance to hostile enchantments.
Missiles
 r - 12 poisoned javelins
 t - 4 curare-tipped needles
 E - 9 javelins of penetration (quivered)
Armour
 p - the +3 ring mail of the Scribe (worn) {rPois rC++ Regen+ Slay+2}
   (You found it on level 1 of the Crypt)

   It affects your accuracy and damage with ranged weapons and melee attacks
   (+2).
   It greatly protects you from cold.
   It protects you from poison.
   It increases your rate of regeneration.
 x - the +0 cloak of Impermeability (worn) {+Blink Regen+}
   (You found it on level 5 of the Vaults)

   It lets you blink.
   It increases your rate of regeneration.
 F - the +6 scale mail "Inkah" {rN++ Str+3 Dex+2}
   (You found it on level 3 of the Lair of Beasts)

   It affects your strength (+3).
   It affects your dexterity (+2).
   It greatly protects you from negative energy.
 G - a +3 buckler of protection
 H - the +2 buckler of Vlad (worn) {rF+ Int+6}
   (You found it on level 7 of Cocytus)

   It affects your intelligence (+6).
   It protects you from fire.
 V - a +3 shadow dragon armour
 Y - the +0 pair of gloves "Qyntiavo" (worn) {rElec rPois rF+ rN+}
   (You found it on level 12 of a ziggurat)

   It protects you from fire.
   It insulates you from electricity.
   It protects you from poison.
   It protects you from negative energy.
 Z - the +2 pair of boots of the Assassin (worn) {DetectMon Stab+ Stlth++}
   (You found it on level 1 of the Crypt)

   It makes you much more stealthy.
Jewellery
 d - the ring of the Five Spirits (right hand) {rPois MR+ AC+1 Dex-2 Slay+3}
   (You found it on level 6 of a ziggurat)

   [ring of protection]

   It affects your AC (+1).
   It affects your dexterity (-2).
   It affects your accuracy and damage with ranged weapons and melee attacks
   (+3).
   It protects you from poison.
   It affects your resistance to hostile enchantments.
 g - a +5 amulet of reflection (around neck)
 j - the amulet "Gyjomm" {Faith rElec MP-9 Dex+7 Stlth+}
   (You found it on level 14 of a ziggurat)

   [amulet of faith]

   It allows you to gain divine favour quickly.
   It affects your dexterity (+7).
   It insulates you from electricity.
   It affects your magic capacity (-9).
   It makes you more stealthy.
 A - a +4 ring of slaying
 I - the ring "Yluowum" {rN+ Str+3 Stlth+}
   (You took it off a naga on level 4 of the Snake Pit)

   [ring of strength]

   It affects your strength (+3).
   It protects you from negative energy.
   It makes you more stealthy.
 T - the ring "Viptau" (left hand) {rCorr +Fly rC+ rN+ Dex+4}
   (You found it on level 16 of a ziggurat)

   [ring of resist corrosion]

   It affects your dexterity (+4).
   It protects you from cold.
   It protects you from negative energy.
   It lets you fly.
Wands
 h - a wand of hasting (2/9)
 k - a wand of disintegration (10/24)
 y - a wand of heal wounds (3/9)
 C - a wand of heal wounds (0/9)
 D - a wand of polymorph (11/24)
 K - a wand of lightning (5/15)
 O - a wand of iceblast (2/15)
 S - a wand of teleportation (8/9)
Scrolls
 m - 37 scrolls of remove curse
 w - 16 scrolls of teleportation
 z - 7 scrolls of fear
 L - 3 scrolls of fog
 M - 5 scrolls of silence
Potions
 a - 2 potions of resistance
 e - 4 potions of cure mutation
 q - a potion of cancellation
 u - 7 potions of brilliance
 N - 18 potions of curing
 U - a potion of berserk rage
Miscellaneous
 i - 6 phantom mirrors
 Q - the horn of Geryon
 X - a disc of storms
Comestibles
 c - 12 bread rations
 f - 13 meat rations


   Skills:
 O Level 27 Fighting
 - Level 25.0 Axes
 + Level 21.5 Throwing
 + Level 23.3 Armour
 + Level 23.5 Dodging
 - Level 23.2 Stealth
 - Level 21.1 Shields
 - Level 0.6 Spellcasting
 - Level 18.0 Evocations


You had 27 spell levels left.
You didn't know any spells.

Dungeon Overview and Level Annotations

Branches:
Dungeon (15/15)            Temple (0/1) D:5            Lair (8/8) D:11
  Swamp (4/4) Lair:6        Snake (4/4) Lair:4          Orc (2/2) D:9
    Elf (3/3) Orc:2        Vaults (5/5) D:14          Crypt (3/3) Vaults:2
   Tomb (3/3) Crypt:3      Depths (5/5) D:15           Hell (1/1)
    Dis (7/7) Hell            Geh (7/7) Hell            Coc (7/7) Hell
    Tar (7/7) Hell            Zot (5/5) Depths:5
  Slime: Lair:6-8

Altars:
Ashenzari
Fedhas
Kikubaaqudgha
Makhleb
Nemelex Xobeh
Okawaru
Qazlal
Ru
Sif Muna
Vehumet
Zin
Beogh

Shops:
D:12 !   D:13 (   Orc:2 }:(?   Elf:1 !   Elf:2 (   Snake:4 !   Vaults:3 *

Portals:
Hell: Depths:1 Depths:2 Depths:3 Depths:4 Depths:5
Abyss: Depths:3 Depths:4 Depths:5
Pandemonium: Depths:2 Depths:3 Depths:4

Annotations:
D:5 exclusion: oklob plant
Lair:6 exclusion: oklob plant
Lair:7 exclusion: 4 oklob plants


Innate Abilities, Weirdness & Mutations

You have a pair of large antennae on your head (SInv).
You are completely covered in iridescent scales (AC +8).
Your flesh is cold resistant.
A frigid envelope surrounds you and freezes all who hurt you.
You regenerate a lot of health from kills.
When hurt, damage is shared between your health and your magic reserves.
You regenerate magic rapidly.
When low on magic, you restore magic in place of health.
You are immune to freezing clouds.
Your magical capacity is low (-10% MP).


Message History

Trog appreciates your killing of a magic user.
Your life force feels restored.
You slash the iron giant!
The iron giant's magic leaks into the air.
The iron giant is heavily wounded.
You hit the iron giant but do no damage.
The iron giant is heavily wounded.
The iron giant casts a spell at you. The iron shot hits you!
* * * LOW HITPOINT WARNING * * *
You are too injured to fight recklessly!
You are too injured to fight recklessly!
You are too injured to fight recklessly!
You slice the iron giant like a ripe choko!!!
The iron giant's magic leaks into the air.
The iron giant is severely wounded.
The iron giant throws you!
* * * LOW HITPOINT WARNING * * *
The iron giant throws you!
You die...

##'###...'.....#...#......8..
#...#.....#######....8..
#...#.....#.....#.......
#...#######.....#.......
#.........#.....#....8..
########...##+##.....#....8..
#......#...#...#.....#.......
#......'...#).(#.....#.......
#......#...#@.C####'##....8..
########...#...#..........8.(
#####....#§..§.#######'##......()
.#.#....#§§§#######....#........
'.#....'§§§#.....#....#.....8..
###.#....#§§§#.....#....#.....8..
..§.######§§§#.....#....#........
{.§C§{.{.§§§§'.....#....#........
{C§§§........#.....######.....8..


You could see an iron giant.

Vanquished Creatures
  Antaeus (Coc:7)
  Asmodeus (Geh:7)
  Ereshkigal (Tar:7)
  6 orbs of fire
  Khufu (Crypt:1)
  Mennas (Vaults:4)
  A juggernaut (Depths:4)
  18 ancient liches
  The ghost of Oracle the Swordmaster, a legendary FoFi of Ru (Zig:11)
  31 greater mummies
  10 pandemonium lords
  5 shard shrikes
  Frederick (Crypt:1)
  6 iron giants (Dis:7)
  Margery (Vaults:4)
  Saint Roka (Snake:3)
  3 curse toes
  13 Killer Klowns
  Geryon (Hell)
  13 bone dragons
  8 golden dragons
  12 Brimstone Fiends
  3 electric golems
  A hellephant (Zig:10)
  Jorgrun (Swamp:3)
  10 liches
  7 doom hounds
  3 Hell Sentinels
  14 Ice Fiends
  21 tentacled monstrosities
  Rupert (D:12)
  25 Orb Guardians (Zot:5)
  5 titans
  6 deep elf blademasters
  5 deep elf master archers
  16 Shadow Fiends
  2 quicksilver dragons
  4 acid blobs
  A shadow dragon (shapeshifter) (Zig:8)
  15 sphinxes
  6 ancient champions
  8 eldritch tentacles
  2 death cobs (Zot:4)
  20 storm dragons
  Kirke (Lair:5)
  Roxanne (Swamp:2)
  9 draconian monks
  13 shadow dragons
  5 thorn hunters
  7 revenants
  5 tengu reavers
  An azure jelly (shapeshifter) (Zig:8)
  14 greater nagas
  14 fire giants
  4 orc warlords
  A frost giant (shapeshifter) (Zig:10)
  2 deep elf sorcerers (Elf:1)
  Donald (Swamp:1)
  A corrupter (Zig:10)
  16 vault wardens
  11 draconian knights
  5 draconian shifters
  4 ghost moths
  4 iron dragons
  13 balrugs
  Louise (Elf:1)
  9 draconian zealots
  4 large abominations
  4 ghouls
  7 cacodemons
  11 draconian scorchers
  2 curse skulls
  16 frost giants
  5 deep elf elementalists (Elf:3)
  7 war gargoyles
  A juggernaut zombie (Zig:6)
  46 reapers
  An elemental wellspring (Coc:7)
  10 deep elf demonologists
  14 ironheart preservers
  3 draconian callers
  9 draconian annihilators
  20 very ugly things
  21 stone giants
  A spriggan defender (Depths:5)
  17 green draconians
  13 vampire knights
  19 salamander stormcallers
  5 bennus
  10 black draconians
  2 dire elephants (shapeshifter) (Zig:10)
  10 deep elf annihilators
  13 white draconians
  9 mottled draconians
  14 red draconians
  3 chaos champions
  2 lorocyprocas
  13 purple draconians
  13 yellow draconians
  8 green deaths
  16 blizzard demons
  5 eidola
  15 deep elf death magi
  5 quicksilver dragon zombies
  13 ettins
  A minotaur (Lab)
  5 jiangshi
  The ghost of Amnesiac the Thrower, a journeyman TrAM of Okawaru (Orc:2)
  Fannar (Lair:1)
  26 mummy priests
  A kraken zombie (Coc:6)
  26 fire dragons
  7 great orbs of eyes
  Josephine (Swamp:1)
  2 death oozes (Swamp:4)
  2 rakshasas (Vaults:1)
  Erolcha (Orc:2)
  30 vault guards
  15 yaktaur captains
  A hydra (shapeshifter) (Zig:15)
  3 crystal guardians (Crypt:3)
  Harold (Lair:1)
  5 entropy weavers
  5 quicksilver dragon skeletons
  41 ice dragons
  27 hydras
  4 deep elf high priests
  An iron giant zombie (Crypt:2)
  31 naga warriors
  17 ogre magi
  6 spriggan air magi
  2 anacondas (shapeshifter)
  4 hell beasts
  10 centaur warriors
  3 ghost crabs
  15 anacondas
  2 death knights
  3 catoblepae
  7 deep troll shamans
  7 tengu warriors
  5 alligators
  40 dancing weapons
  7 death yaks
  8 titan zombies
  An orc high priest (Depths:3)
  The ghost of Duffy the Geomancer, a novice GrEE of Cheibriados (D:9)
  4 spriggan berserkers (Depths:4)
  16 naga sharpshooters
  7 small abominations
  10 vampire magi
  9 deep troll earth magi
  A shock serpent (shapeshifter) (Zig:12)
  17 hell hogs
  12 shock serpents
  12 sun demons
  10 storm dragon zombies
  12 soul eaters
  2 thrashing horrors
  2 iron golems
  A wretched star (Zig:2)
  6 titan skeletons
  25 deep elf knights
  4 salamander mystics
  150 skeletal warriors
  2 fire crabs
  5 death drakes
  6 golden dragon zombies
  A quicksilver dragon simulacrum (Depths:3)
  3 storm dragon skeletons
  39 death scarabs
  14 iron trolls (Dis:7)
  4 shadow wraiths
  2 unseen horrors
  47 hell knights
  6 anaconda zombies
  A spatial maelstrom (Abyss:2)
  9 swamp dragons
  3 spriggan druids
  29 deep trolls
  An iron troll (shapeshifter) (Zig:8)
  An unseen horror (shapeshifter) (Vaults:3)
  3 sea snakes (Snake:3)
  13 flayed ghosts
  3 golden dragon skeletons
  6 giant orange brains
  A spark wasp zombie (Depths:3)
  The ghost of chonchonts the Cleaver, a novice FoFi of Okawaru (D:7)
  A lindwurm (Lair:8)
  7 shadow demons
  5 ghost moth zombies
  A kraken simulacrum (Hell)
  6 harpies
  10 orc knights
  32 phantasmal warriors
  10 naga ritualists
  22 ironbrand convokers
  A swamp dragon (shapeshifter) (Zig:4)
  13 deep elf archers
  A lindwurm (shapeshifter) (Zig:10)
  8 shadow dragon zombies
  23 necromancers
  2 orb spiders (Zig:3)
  5 hill giants
  An anubis guard (shapeshifter) (Zig:15)
  2 shambling mangroves
  An obsidian statue (Zig:7)
  5 anaconda skeletons
  43 anubis guards
  11 iron dragon zombies
  10 wolf spider zombies
  4 wizards
  8 wolf spiders
  72 ugly things
  7 stone giant zombies
  7 oklob plants (Zig:8)
  A manticore (D:12)
  9 frost giant zombies
  7 griffons
  11 orc sorcerers
  72 deep elf magi
  A manticore (shapeshifter) (Zig:15)
  26 salamanders
  3 toenail golems (Volcano)
  3 hornets (shapeshifter)
  10 mana vipers
  31 moths of wrath
  3 shining eyes
  9 cyclopes
  An elephant (shapeshifter) (Vaults:4)
  6 hornets
  15 fire giant zombies
  7 frost giant skeletons
  10 iron dragon skeletons
  2 octopodes (shapeshifter)
  The ghost of cireshan the Magician, a novice HEIE of Qazlal (D:6)
  A titan simulacrum (Depths:4)
  2 shock serpent zombies
  4 ice statues
  5 dire elephant zombies
  19 vault sentinels
  6 elephants
  7 molten gargoyles (Geh:7)
  11 guardian serpents
  58 rust devils
  31 naga magi
  5 apocalypse crabs
  4 stone giant skeletons
  2 torpor snails (Lair:8)
  47 black mambas
  9 fire giant skeletons
  32 spiny frogs
  A pale draconian zombie (Crypt:1)
  Joseph (D:7)
  4 orange demons
  11 smoke demons
  An emperor scorpion zombie (Geh:2)
  A storm dragon simulacrum (Tomb:1)
  4 dire elephant skeletons
  3 gargoyles
  2 shock serpent skeletons
  3 efreet
  2 kobold demonologists (Vaults:2)
  5 spectral swamp worms (Depths:5)
  A yaktaur (shapeshifter) (Vaults:2)
  42 hellions
  37 ice devils
  33 yaktaurs
  8 starcursed masses (Abyss:2)
  9 komodo dragons
  A komodo dragon (shapeshifter) (Zig:12)
  2 catoblepas zombies
  51 tormentors
  An anaconda simulacrum (Hell)
  A catoblepas skeleton (Geh:1)
  30 freezing wraiths
  3 iron troll zombies (Dis:4)
  5 fire drakes
  A minotaur zombie (Dis:3)
  A hellwing (Depths:2)
  A yellow draconian skeleton (Tar:7)
  A fire drake (shapeshifter) (Vaults:1)
  A white draconian skeleton (Crypt:1)
  50 guardian mummies
  9 trolls
  2 harpy zombies
  13 polar bears
  A tengu conjurer (Depths:5)
  A green draconian skeleton (Crypt:3)
  2 jumping spiders
  2 silent spectres
  28 red devils
  3 merfolk (Zig:1)
  18 hydra zombies
  4 giant leeches
  2 iron troll skeletons (Dis:4)
  A two-headed ogre (shapeshifter) (Depths:3)
  6 ettin zombies
  A merfolk (shapeshifter) (Vaults:2)
  2 harpy skeletons
  8 hydra skeletons
  9 ice dragon zombies
  10 raiju
  A guardian serpent zombie (Crypt:2)
  57 slime creatures
  27 two-headed ogres
  31 blink frogs
  5 alligator zombies
  2 wolf spider simulacra
  A minotaur skeleton (Dis:1)
  10 bog bodies
  2 boulder beetles
  17 ushabtiu
  2 fire giant simulacra (Crypt:1)
  A stone giant simulacrum (Crypt:1)
  2 fire dragon skeletons
  7 fire dragon zombies
  128 flying skulls
  A ynoxinul (Zig:2)
  9 air elementals
  2 centaur simulacra (D:15)
  6 ice dragon skeletons
  13 spriggans
  32 wraiths
  43 shadows
  4 black mamba zombies
  7 ettin skeletons
  25 redbacks
  An alligator skeleton (Crypt:1)
  2 black mamba skeletons
  17 water elementals
  77 yaks
  8 wyverns
  6 humans (Volcano)
  2 fire bats (Geh:3)
  5 hogs (Lair:5)
  A human (shapeshifter) (Zig:8)
  2 steam dragons
  27 fire elementals
  2 hungry ghosts
  5 basilisks
  12 hippogriffs
  An elf zombie (Zig:11)
  A spatial vortex (Abyss:2)
  5 chaos spawn
  A neqoxec (Depths:3)
  A naga (shapeshifter) (Vaults:1)
  29 wolves
  A putrid demonspawn zombie (Dis:2)
  14 wargs
  3 mottled dragons (Zig:13)
  23 vampire mosquitoes
  A merfolk zombie (Dis:5)
  18 swamp worms
  29 insubstantial wisps
  4 spiny frog zombies
  75 nagas
  A swamp worm (shapeshifter) (Elf:2)
  Duvessa (D:4)
  25 water moccasins
  8 porcupines
  A hydra simulacrum (Coc:2)
  12 swamp drakes
  A water moccasin (shapeshifter) (D:15)
  98 hell hounds
  A fire dragon simulacrum (Crypt:1)
  5 spiny frog skeletons
  18 wasps
  38 orc warriors
  5 swamp dragon zombies
  15 black bears
  16 ice beasts
  64 ogres
  5 sky beasts
  6 snapping turtle zombies
  9 phantoms
  A lindwurm skeleton (Crypt:2)
  28 necrophages
  4 snapping turtle skeletons
  5 eyes of draining
  A swamp dragon skeleton (Geh:7)
  15 crocodiles
  An elf simulacrum (Depths:3)
  33 centaurs
  2 manticore skeletons
  19 giant frogs
  5 big kobolds
  3 earth elementals
  A glowing shapeshifter simulacrum (Zig:7)
  A spiny frog simulacrum (Coc:7)
  2 gnoll sergeants (D:9)
  2 wyvern zombies
  Dowan (D:4)
  A tengu zombie (Zig:6)
  A polar bear zombie (Crypt:2)
  A spriggan zombie (Tomb:1)
  A troll zombie (Crypt:3)
  3 scorpions
  A raiju skeleton (Crypt:1)
  A queen bee zombie (Crypt:2)
  5 killer bees
  71 wights
  A spriggan skeleton (Geh:7)
  An electric eel (D:15)
  4 centaur zombies
  21 crimson imps
  4 quasits
  6 centaur skeletons
  A human zombie (Geh:7)
  14 jellies
  A wyvern simulacrum (D:15)
  16 hounds
  5 giant frog skeletons
  18 orc priests
  51 iron imps
  Terence (D:3)
  4 iguanas
  A human skeleton (Crypt:1)
  51 orc wizards
  A lightning spire (Zig:14)
  A killer bee zombie (Crypt:1)
  15 worker ants
  19 sheep
  An ogre zombie (Dis:6)
  2 tengu skeletons
  A felid skeleton (Crypt:1)
  A hound zombie (D:9)
  4 naga skeletons
  3 ogre skeletons
  A hound skeleton (D:4)
  78 mummies
  19 adders
  11 gnolls
  A tengu simulacrum (Coc:7)
  44 river rats
  22 shadow imps
  15 white imps
  3 ufetubi
  An ooze (D:1)
  2 adder skeletons
  An adder zombie (Crypt:1)
  3 worms
  10 giant geckos
  154 orcs
  13 bats
  3 giant cockroaches
  13 goblins
  6 hobgoblins
  20 jackals
  5 quokkas
  3 ball pythons
  A giant gecko skeleton (D:8)
  6 giant newts
  A giant newt zombie (Crypt:2)
  21 kobolds
  A kobold zombie (Dis:7)
  An orc skeleton (Tomb:3)
  2 orc zombies
  A quokka skeleton (D:10)
  26 rats
  2 river rat zombies
  11 crawling corpses
  10 fire vortices
  7 fungi
  3 lost souls
  6 plants
  3 tentacles (Coc:6)
5069 creatures vanquished.

Vanquished Creatures (collateral kills)
  2 shard shrikes (Coc:6)
  Norris (Snake:3)
  A golden dragon (Zig:13)
  A Brimstone Fiend (Geh:7)
  A quicksilver dragon (Zig:13)
  A titan (Zig:12)
  An acid blob (Zig:2)
  A shadow dragon (Zig:13)
  Gastronok (Lair:1)
  A storm dragon (Zig:12)
  2 frost giants (Zig:8)
  A ghoul (Crypt:2)
  A curse skull (Zig:14)
  A war gargoyle (Crypt:3)
  A bennu (Tomb:1)
  A yaktaur captain (Zig:8)
  A great orb of eyes (Zig:8)
  3 ice dragons (Zig:13)
  An entropy weaver (Depths:1)
  A naga warrior (Snake:4)
  An anaconda (Snake:3)
  A spriggan air mage (Zig:12)
  A naga sharpshooter (Snake:4)
  5 skeletal warriors
  A deep elf archer (Elf:1)
  2 anubis guards
  2 necromancers (Crypt:3)
  4 salamanders (Snake:4)
  2 naga magi (Snake:4)
  An elf zombie (Zig:11)
  2 black mambas (Snake:4)
  An efreet (Hell)
  An ice devil (Coc:6)
  2 fire drakes (Zig:13)
  A guardian mummy (Zig:11)
  A wind drake (Zig:13)
  An ushabti (Zig:11)
  A fire elemental (Geh:7)
  An insubstantial wisp (Zig:12)
  3 nagas (Snake:4)
  A mottled dragon (Zig:13)
  A porcupine (Lair:1)
  A necrophage (Geh:7)
  A snapping turtle zombie (Crypt:3)
  A kobold skeleton (Geh:7)
63 creatures vanquished.

Vanquished Creatures (others)
  A deep elf blademaster (Elf:3)
  A deep elf master archer (Elf:3)
  A quicksilver dragon (Depths:4)
  4 eldritch tentacles
  A deep elf sorcerer (Elf:3)
  A stone giant (Dis:3)
  An elemental wellspring (Coc:7)
  A deep elf demonologist (Elf:3)
  A fire dragon (Zig:13)
  3 deep elf death magi (Elf:3)
  A quicksilver dragon zombie (Geh:4)
  3 deep elf high priests
  A yaktaur captain (Zig:4)
  An ice dragon (Coc:7)
  A centaur warrior (Vaults:2)
  5 naga sharpshooters
  A deep elf knight (Zig:16)
  A skeletal warrior (Tomb:2)
  11 death scarabs
  A wizard (Vaults:2)
  4 deep elf archers
  2 necromancers
  2 anubis guards (Tomb:2)
  An orc knight (Vaults:3)
  A hornet (Zig:4)
  A molten gargoyle (Geh:7)
  A guardian serpent (Snake:4)
  2 naga magi
  2 apocalypse crabs (Zig:12)
  A hellion (Geh:6)
  3 yaktaurs
  A red devil (Geh:6)
  An iron troll skeleton (Dis:4)
  2 bog bodies (Coc:7)
  A shadow (Dis:1)
  An alligator skeleton (Geh:7)
  A water elemental (Zig:16)
  A wraith (Geh:7)
  2 steam dragons (Zig:13)
  A mottled dragon (Zig:13)
  A naga (Zig:14)
  2 hell hounds
  An eye of draining (shapeshifter) (D:15)
  A manticore zombie (Geh:7)
  3 centaurs
  A wight (Geh:4)
  A quasit (Depths:3)
  A giant frog zombie (D:9)
  5 mummies
  A kobold (Vaults:2)
  A crawling corpse (Elf:3)
  448 eldritch tentacle segments
  9 fungi
  5 lost souls
  43 plants
  8 tentacles
  178 tentacle segments
781 creatures vanquished.

Grand Total: 5913 creatures vanquished

Notes
Turn   | Place    | Note
--------------------------------------------------------------
     0 | D:1      | Ijustatesigmund the Demonspawn Berserker began the quest for the Orb.
     0 | D:1      | Reached XP level 1. HP: 18/18 MP: 1/1
   270 | D:1      | Gained mutation: You regenerate a little health from kills. [demonic ancestry]
   270 | D:1      | Reached XP level 2. HP: 8/24 MP: 2/2
   634 | D:2      | Reached ** piety under Trog
   634 | D:2      | Gained mutation: You are partially covered in iridescent scales (AC +4). [demonic ancestry]
   634 | D:2      | Reached XP level 3. HP: 29/29 MP: 3/3
  1023 | D:2      | Gained mutation: When hurt, damage is shared between your health and your magic reserves. [demonic ancestry]
  1023 | D:2      | Reached XP level 4. HP: 36/36 MP: 4/4
  1492 | D:3      | Found a radiant altar of Vehumet.
  1536 | D:3      | Reached skill level 4 in Axes
  1579 | D:3      | Noticed a black bear
  1582 | D:3      | Noticed Terence
  1593 | D:3      | Killed a black bear
  1593 | D:3      | Reached XP level 5. HP: 42/42 MP: 2/5
  1601 | D:3      | Killed Terence
  1677 | D:3      | Found a sacrificial altar of Ru.
  1692 | D:3      | Reached *** piety under Trog
  1880 | D:3      | Gained mutation: You regenerate magic rapidly. [demonic ancestry]
  1880 | D:3      | Reached XP level 6. HP: 49/49 MP: 6/6
  1918 | D:3      | You fall through a shaft for 2 floors!
  1918 | D:5      | Entered Level 5 of the Dungeon
  1985 | D:5      | Reached skill level 5 in Axes
  2148 | D:5      | Reached skill level 1 in Evocations
  2233 | D:5      | Found a glowing drain.
  2262 | Sewer    | Entered a sewer
  2300 | Sewer    | Gained mutation: You have a pair of small antennae on your head. [demonic ancestry]
  2300 | Sewer    | Reached XP level 7. HP: 55/55 MP: 8/8
  2424 | D:5      | Found a burning altar of Makhleb.
  2424 | D:5      | Found a shattered altar of Ashenzari.
  2495 | D:5      | Found a sparkling altar of Nemelex Xobeh.
  2552 | D:5      | Reached **** piety under Trog
  2578 | D:5      | Reached skill level 5 in Fighting
  2609 | D:5      | Reached skill level 6 in Axes
  2913 | D:5      | Found a staircase to the Ecumenical Temple.
  3182 | D:5      | Found a blossoming altar of Fedhas.
  3193 | D:5      | Noticed an oklob plant
  3678 | D:4      | Noticed Duvessa
  3680 | D:4      | Noticed Dowan
  3699 | D:4      | Killed Duvessa
  3699 | D:4      | Reached skill level 7 in Axes
  3701 | D:4      | Reached XP level 8. HP: 64/64 MP: 7/9
  3732 | D:4      | Killed Dowan
  4099 | D:4      | You fall through a shaft for 2 floors!
  4425 | D:6      | Reached skill level 8 in Axes
  4472 | D:6      | Reached ***** piety under Trog
  4893 | D:6      | Noticed cireshan's ghost (novice HEIE)
  4901 | D:6      | Killed cireshan's ghost
  4901 | D:6      | Reached skill level 9 in Axes
  4901 | D:6      | Gained mutation: You have a pair of antennae on your head. [demonic ancestry]
  4901 | D:6      | Reached XP level 9. HP: 72/72 MP: 8/10
  4958 | D:6      | Found an iron altar of Okawaru.
  5225 | D:7      | Noticed chonchonts's ghost (novice FoFi)
  5244 | D:7      | Killed chonchonts's ghost
  5244 | D:7      | Reached skill level 10 in Axes
  5658 | D:7      | Noticed Joseph
  5670 | D:7      | Killed Joseph
  6182 | D:8      | Gained mutation: You regenerate health from kills. [demonic ancestry]
  6182 | D:8      | Reached XP level 10. HP: 82/82 MP: 11/11
  6375 | D:8      | Reached skill level 11 in Axes
  6476 | D:8      | Received a gift from Trog
  6792 | D:9      | Noticed Duffy's ghost (novice GrEE)
  6821 | D:9      | Killed Duffy's ghost
  6880 | D:9      | Reached skill level 12 in Axes
  6954 | D:9      | Found a staircase to the Orcish Mines.
  7052 | D:9      | Found a roughly hewn altar of Beogh.
  7099 | D:9      | Received a gift from Trog
  7398 | D:9      | Reached skill level 10 in Fighting
  7489 | D:10     | Entered Level 10 of the Dungeon
  7531 | D:10     | Reached XP level 11. HP: 90/90 MP: 4/12
  7864 | D:10     | Killed an unseen horror
  8078 | D:11     | Found a staircase to the Lair.
  8283 | D:11     | Reached ****** piety under Trog
  8304 | D:11     | Noticed a brown ugly thing
  8319 | D:11     | Killed a cyan ugly thing
  8320 | D:11     | Reached skill level 13 in Axes
  8623 | D:11     | Got a translucent scale mail
  8624 | D:11     | Received a gift from Trog
  8682 | D:11     | Identified the +2 scale mail "Wychonetho" {rPois rCorr Str-3 Dex+3} (You found it on level 11 of the Dungeon)
  9142 | D:12     | Got a faintly glowing blowgun
  9143 | D:12     | Identified the +12 blowgun "Eschigik" {speed, rElec MR+ Str+4 Int+5} (You found it on level 12 of the Dungeon)
  9374 | D:12     | Noticed a hill giant
  9374 | D:12     | Found a glowing silver altar of Zin.
  9385 | D:12     | Killed a hill giant
  9453 | D:12     | Reached skill level 5 in Armour
  9498 | D:12     | Reached skill level 1 in Throwing
  9498 | D:12     | Reached skill level 5 in Dodging
  9515 | D:12     | Noticed Rupert
  9565 | D:12     | Killed Rupert
  9565 | D:12     | Gained mutation: Your flesh is cold resistant. [demonic ancestry]
  9565 | D:12     | Reached XP level 12. HP: 100/100 MP: 4/13
  9626 | D:12     | Found Omaet's Distillery.
  9629 | D:12     | Bought 2 potions of curing for 72 gold pieces
  9629 | D:12     | Bought a potion of invisibility for 96 gold pieces
  9629 | D:12     | Bought a potion of curing for 36 gold pieces
  9629 | D:12     | Bought a potion of heal wounds for 60 gold pieces
 10500 | D:13     | Noticed a centaur warrior
 10511 | D:13     | Killed a centaur warrior
 10700 | D:13     | Found Voffif's Weapon Shoppe.
 10768 | D:13     | Noticed a four-headed hydra
 10779 | D:13     | Killed a one-headed hydra
 11084 | D:14     | Reached skill level 5 in Throwing
 11153 | D:14     | Found a gate to the Vaults.
 11180 | D:14     | Noticed a centaur warrior
 11187 | D:14     | Killed a centaur warrior
 11196 | D:14     | Reached skill level 14 in Axes
 11209 | D:14     | Gained mutation: You are mostly covered in iridescent scales (AC +6). [demonic ancestry]
 11209 | D:14     | Reached XP level 13. HP: 91/109 MP: 3/14
 11665 | D:14     | Received a gift from Trog
 11758 | D:14     | Identified Sif Muna's Almanac of Sand
 11991 | Lair:1   | Entered Level 1 of the Lair of Beasts
 12111 | Lair:1   | Noticed Fannar
 12133 | Lair:1   | Killed Fannar
 12170 | Lair:1   | Noticed Harold
 12199 | Lair:1   | Killed Harold
 12352 | Lair:1   | Noticed Gastronok
 12361 | Lair:1   | Killed Gastronok
 12676 | Lair:2   | Received a gift from Trog
 13751 | Lair:3   | Got a polished scale mail
 13762 | Lair:3   | Identified the +6 scale mail "Inkah" {rN++ Str+3 Dex+2} (You found it on level 3 of the Lair of Beasts)
 13815 | Lair:3   | Received a gift from Trog
 14192 | Lair:3   | Reached skill level 15 in Axes
 14269 | Lair:4   | Reached XP level 14. HP: 104/119 MP: 3/15
 14284 | Lair:4   | Found a staircase to the Snake Pit.
 14303 | Lair:4   | Received a gift from Trog
 14836 | Lair:4   | Upgraded the game from 0.18-a0-1312-gf98331d to 0.18-a0-1323-g706dcef
 15298 | Lair:4   | Found a deep blue altar of Sif Muna.
 16091 | Lair:5   | Found a dark tunnel.
 16099 | Volcano  | Entered a volcano
 16679 | Lair:5   | Noticed Kirke
 16679 | Lair:5   | Received a gift from Trog
 17000 | Lair:5   | Killed Kirke
 17596 | Lair:6   | Reached skill level 10 in Throwing
 17854 | Lair:6   | Found a staircase to the Swamp.
 17940 | Lair:6   | Gained mutation: You are completely covered in iridescent scales (AC +8). [potion of beneficial mutation]
 18237 | Lair:6   | Received a gift from Trog
 18427 | Lair:7   | Found a frozen archway.
 18458 | IceCv    | Entered an ice cave
 18466 | IceCv    | Gained mutation: You regenerate a lot of health from kills. [demonic ancestry]
 18466 | IceCv    | Reached XP level 15. HP: 127/127 MP: 5/16
 19322 | Lair:8   | Entered Level 8 of the Lair of Beasts
 19322 | Lair:8   | Found a labyrinth entrance.
 19349 | Lab      | Entered a labyrinth
 20060 | Lab      | Received a gift from Trog
 20147 | Lab      | Got a slimy turquoise ring
 20149 | Lab      | Identified the ring "Lyabon" {rCorr Str+2} (You found it in a labyrinth)
 20521 | Lair:8   | Reached skill level 16 in Axes
 20566 | Lair:8   | Reached skill level 15 in Fighting
 20668 | Lair:8   | Received a gift from Trog
 21082 | Lair:8   | Received a gift from Trog
 21375 | Lair:8   | Identified a scroll of acquirement
 21655 | Orc:1    | Entered Level 1 of the Orcish Mines
 21770 | Orc:2    | Entered Level 2 of the Orcish Mines
 21796 | Orc:2    | Noticed Amnesiac's ghost (journeyman TrAM)
 21809 | Orc:2    | Killed Amnesiac's ghost
 21817 | Orc:1    | Received a gift from Trog
 21880 | Orc:1    | Received a gift from Trog
 22061 | Orc:2    | Found a staircase to the Elven Halls.
 22170 | Orc:2    | Found a roughly hewn altar of Beogh.
 22558 | Orc:2    | Found Optoppic's Gadget Shop.
 22578 | Orc:2    | Received a gift from Trog
 22623 | Orc:2    | Found an ancient bone altar of Kikubaaqudgha.
 22653 | Orc:2    | Noticed Erolcha
 22665 | Orc:2    | Killed Erolcha
 22665 | Orc:2    | Reached skill level 10 in Dodging
 22666 | Orc:2    | Found a radiant altar of Vehumet.
 22701 | Orc:2    | Found a roughly hewn altar of Beogh.
 22701 | Orc:2    | Found Tejiudob's Book Shop.
 22738 | Orc:2    | Found Subagall's Antique Weapon Boutique.
 22748 | Orc:2    | Found Lefud's Magic Scroll Boutique.
 22759 | Orc:2    | Bought a scroll of identify for 28 gold pieces
 22759 | Orc:2    | Bought a scroll of identify for 28 gold pieces
 22759 | Orc:2    | Bought a scroll of vulnerability for 105 gold pieces
 22909 | Elf:1    | Entered Level 1 of the Elven Halls
 23020 | Elf:1    | Noticed Louise
 23027 | Elf:1    | Killed Louise
 23045 | Elf:1    | Noticed a deep elf sorcerer
 23049 | Elf:1    | Killed a deep elf sorcerer
 23055 | Elf:1    | Reached XP level 16. HP: 118/136 MP: 4/17
 23104 | Elf:1    | Received a gift from Trog
 23111 | Elf:1    | Got a scorched triple crossbow {god gift}
 23112 | Elf:1    | Identified the +6 triple crossbow "Ugant" {penet, rPois rC+ Str-5 SInv} (Trog gifted it to you on level 1 of the Elven Halls)
 23267 | Elf:1    | Found Adul Piuwn's Distillery.
 23275 | Elf:1    | Bought a potion of agility for 56 gold pieces
 23275 | Elf:1    | Bought a potion of haste for 140 gold pieces
 23275 | Elf:1    | Bought a potion of agility for 56 gold pieces
 23275 | Elf:1    | Bought a potion of heal wounds for 70 gold pieces
 23275 | Elf:1    | Bought a potion of heal wounds for 70 gold pieces
 23803 | D:15     | Entered Level 15 of the Dungeon
 23932 | D:15     | Found a stormy altar of Qazlal.
 24081 | D:15     | Received a gift from Trog
 24141 | D:15     | Paralysed by an orc sorcerer for 2 turns
 24171 | D:15     | Found a staircase to the Depths.
 24193 | Depths:1 | Entered Level 1 of the Depths
 24217 | Depths:1 | Reached skill level 15 in Dodging
 24546 | Depths:1 | Found a gateway to Hell.
 25183 | D:15     | Received a gift from Trog
 25668 | D:13     | Mutation became permanent: You are completely covered in iridescent scales (AC +8). [demonic ancestry]
 25668 | D:13     | Reached XP level 17. HP: 142/142 MP: 5/18
 25884 | Snake:1  | Entered Level 1 of the Snake Pit
 26183 | Snake:1  | Reached skill level 10 in Armour
 27031 | Snake:1  | Received a gift from Trog
 27620 | Snake:1  | Received a gift from Trog
 27942 | Snake:2  | Received a gift from Trog
 29110 | Snake:3  | Noticed Norris
 29118 | Snake:3  | Killed Norris
 29398 | Snake:3  | Reached skill level 1 in Shields
 29459 | Snake:3  | Received a gift from Trog
 29513 | Snake:3  | Noticed Saint Roka
 29545 | Snake:3  | Killed Saint Roka
 30116 | Snake:4  | Entered Level 4 of the Snake Pit
 30368 | Snake:4  | Reached XP level 18. HP: 149/151 MP: 18/20
 30390 | Snake:4  | Reached skill level 5 in Shields
 30530 | Snake:4  | Received a gift from Trog
 30680 | Snake:4  | Received a gift from Trog
 30696 | Snake:4  | Got a scintillating wooden ring
 30823 | Snake:4  | Reached skill level 5 in Evocations
 31019 | Snake:3  | Received a gift from Trog
 31281 | Snake:4  | Received a gift from Trog
 31361 | Snake:4  | Got a serpentine rune of Zot
 31455 | Snake:4  | Found Fifuvol's Distillery.
 31462 | Snake:4  | Bought a potion of might for 52 gold pieces
 31462 | Snake:4  | Bought a potion of invisibility for 104 gold pieces
 31462 | Snake:4  | Bought 2 potions of might for 104 gold pieces
 31714 | Lair:1   | Identified the ring "Yluowum" {rN+ Str+3 Stlth+} (You took it off a naga on level 4 of the Snake Pit)
 31796 | Vaults:1 | Entered Level 1 of the Vaults
 31901 | Vaults:1 | Reached skill level 1 in Stealth
 32308 | Vaults:1 | Gained mutation: You have a pair of large antennae on your head (SInv). [demonic ancestry]
 32308 | Vaults:1 | Reached XP level 19. HP: 100/157 MP: 6/25
 32591 | Vaults:1 | Reached skill level 17 in Axes
 32650 | Vaults:1 | Received a gift from Trog
 32953 | Vaults:1 | Reached skill level 5 in Stealth
 33492 | Vaults:2 | Received a gift from Trog
 33966 | Vaults:2 | Received a gift from Trog
 34070 | Vaults:2 | Found a staircase to the Crypt.
 34096 | Crypt:1  | Entered Level 1 of the Crypt
 34096 | Crypt:1  | Noticed Frederick
 34190 | Crypt:1  | Killed Frederick
 34190 | Crypt:1  | Reached XP level 20. HP: 131/168 MP: 6/26
 34277 | Crypt:1  | Reached skill level 18 in Axes
 34695 | Crypt:1  | Noticed Khufu
 34718 | Crypt:1  | Killed Khufu
 34915 | Crypt:1  | Got a crystal hand axe
 34916 | Crypt:1  | Identified the +8 hand axe of Apnixt {elec, Int+4} (You found it on level 1 of the Crypt)
 34927 | Crypt:1  | Noticed a greater mummy
 34944 | Crypt:1  | Killed a greater mummy
 35199 | Crypt:1  | Got a spiked ring mail
 35513 | Crypt:1  | Identified the +3 ring mail of the Scribe {rPois rC++ Regen+ Slay+2} (You found it on level 1 of the Crypt)
 36428 | Crypt:3  | Entered Level 3 of the Crypt
 36535 | Crypt:3  | Reached skill level 10 in Stealth
 36657 | Crypt:3  | Received a gift from Trog
 36657 | Crypt:3  | Reached skill level 19 in Fighting
 36742 | Crypt:3  | Found an ancient bone altar of Kikubaaqudgha.
 36742 | Crypt:3  | Noticed an ancient lich
 36746 | Crypt:3  | Killed an ancient lich
 36786 | Crypt:3  | Got a pair of twisted gloves
 36797 | Crypt:3  | Identified the +0 pair of gloves "Dof Nask" {MP+9 Stlth+} (You found it on level 3 of the Crypt)
 36828 | Crypt:3  | Noticed a lich
 36838 | Crypt:3  | Killed a lich
 36838 | Crypt:3  | Gained mutation: You are immune to freezing clouds. [demonic ancestry]
 36838 | Crypt:3  | Reached XP level 21. HP: 180/180 MP: 12/27
 36880 | Crypt:3  | Received a gift from Trog
 36992 | Crypt:3  | Found a staircase to the Tomb.
 37001 | Crypt:3  | Got a slimy steel ring
 37016 | Crypt:3  | Got a glittering glass ring
 37019 | Crypt:3  | Identified the ring of Qale {*Corrode +Blink +Inv rElec rN+} (You found it on level 3 of the Crypt)
 37027 | Crypt:3  | Got a translucent lead ring
 37029 | Crypt:3  | Identified the ring "Adgheuteo" {+Inv rElec rN+ MR-} (You found it on level 3 of the Crypt)
 37032 | Crypt:3  | Identified the ring "Rueruuk" {*Confuse rPois rF++ rN+ Dex+3} (You found it on level 3 of the Crypt)
 38322 | Vaults:3 | Received a gift from Trog
 38498 | Vaults:3 | Received a gift from Trog
 38649 | Vaults:3 | Reached skill level 20 in Fighting
 38699 | Vaults:3 | Found Xom Qarr's General Store.
 38707 | Vaults:3 | Bought a potion of heal wounds for 110 gold pieces
 39313 | Vaults:4 | Noticed Mennas
 39336 | Vaults:4 | Killed Mennas
 39336 | Vaults:4 | Received a gift from Trog
 39408 | Vaults:4 | Reached XP level 22. HP: 192/192 MP: 10/28
 39737 | Vaults:4 | Received a gift from Trog
 40161 | Vaults:4 | Noticed Margery
 40173 | Vaults:4 | Killed Margery
 40173 | Vaults:4 | Reached skill level 21 in Fighting
 40856 | Elf:2    | Found Gautir's Antique Weapon Boutique.
 41007 | Elf:2    | Received a gift from Trog
 41046 | Elf:2    | Found a runed gate.
 41046 | Elf:2    | Found a runed gate.
 41046 | Elf:2    | Found a runed gate.
 41403 | Elf:2    | Reached skill level 15 in Stealth
 41580 | Elf:2    | Gained mutation: Your body sometimes deteriorates upon taking damage. [a neqoxec]
 41710 | Elf:3    | Entered Level 3 of the Elven Halls
 42061 | Elf:3    | Received a gift from Trog
 42078 | Elf:3    | Received a gift from Trog
 42183 | Elf:3    | Received a gift from Trog
 42348 | Elf:3    | Got a shimmering war axe
 42349 | Elf:3    | Identified the cursed +0 war axe "Timiot" {drain, +Blink rElec} (You found it on level 3 of the Elven Halls)
 42355 | Elf:3    | Got an encrusted ring mail
 42366 | Elf:3    | Identified the +3 ring mail of Indemnity {Dex+2 Slay+2 SInv} (You found it on level 3 of the Elven Halls)
 42397 | Elf:3    | Got a scintillating crystal amulet
 42398 | Elf:3    | Identified the amulet "Cumeoh" {Spirit Int+4} (You found it on level 3 of the Elven Halls)
 42483 | Elf:3    | Got a ring of the Octopus King
 42484 | Elf:3    | Identified a ring of the Octopus King {rC+ AC+1 EV+1 Str+1 Int+1 Dex+1} (You found it on level 3 of the Elven Halls)
 42708 | Elf:1    | Gained mutation: A frigid envelope surrounds you and freezes all who hurt you. [demonic ancestry]
 42708 | Elf:1    | Reached XP level 23. HP: 202/202 MP: 12/29
 42709 | Elf:1    | Lost mutation: Your body sometimes deteriorates upon taking damage. [potion of cure mutation]
 43063 | Vaults:5 | Entered Level 5 of the Vaults
 43077 | Vaults:5 | Reached skill level 10 in Evocations
 43089 | Vaults:5 | Received a gift from Trog
 43213 | Vaults:5 | Reached skill level 15 in Evocations
 43222 | Vaults:5 | Noticed an ancient lich
 43222 | Vaults:5 | Noticed an ancient lich
 43257 | Vaults:4 | Killed an ancient lich
 43259 | Vaults:4 | Killed an ancient lich
 43268 | Vaults:5 | Noticed an ancient lich
 43422 | Vaults:5 | Noticed an ancient lich
 43539 | Vaults:4 | Received a gift from Trog
 43539 | Vaults:4 | Reached skill level 22 in Fighting
 43583 | Vaults:5 | Noticed an ancient lich
 43596 | Vaults:4 | Got a slimy platinum ring
 43633 | Vaults:5 | Received a gift from Trog
 43706 | Vaults:5 | Cast into level 2 of the Abyss (a deep elf demonologist)
 43710 | Abyss:2  | Found a sparkling altar of Nemelex Xobeh.
 43738 | Abyss:2  | Found a sparkling altar of Nemelex Xobeh.
 43951 | Vaults:5 | Escaped the Abyss
 43996 | Vaults:5 | Killed an ancient lich
 44005 | Vaults:5 | Killed an ancient lich
 44005 | Vaults:5 | Gained mutation: When low on magic, you restore magic in place of health. [demonic ancestry]
 44005 | Vaults:5 | Reached XP level 24. HP: 135/212 MP: 6/35
 44297 | Vaults:5 | Killed an ancient lich
 44383 | Vaults:5 | Identified the ring of Sloth {Wiz rF+} (You took it off an ironheart preserver on level 4 of the Vaults)
 44434 | Vaults:5 | Got a faintly glowing golden ring
 44435 | Vaults:5 | Identified the ring "Kosiolo" {Int+2 SInv Stlth+} (You found it on level 5 of the Vaults)
 44442 | Vaults:5 | Got a silver rune of Zot
 44471 | Vaults:5 | Got a transparent chain mail
 44482 | Vaults:5 | Identified the +1 chain mail "Keosysm" {rF+} (You found it on level 5 of the Vaults)
 44743 | Vaults:5 | Received a gift from Trog
 44865 | Vaults:5 | Got a crude cloak
 44876 | Vaults:5 | Identified the cursed +0 cloak of Impermeability {+Blink Regen+} (You found it on level 5 of the Vaults)
 45900 | Depths:1 | Received a gift from Trog
 46333 | Depths:2 | Found a one-way gate leading to the halls of Pandemonium.
 46341 | Depths:2 | Received a gift from Trog
 46565 | Depths:2 | Reached skill level 23 in Fighting
 46985 | Depths:2 | Received a gift from Trog
 47090 | Depths:2 | Paralysed by a vampire knight for 3 turns
 47234 | Depths:3 | Found a large runed door.
 47255 | Depths:3 | Found a one-way gate to the infinite horrors of the Abyss.
 47566 | Depths:3 | Found a gateway to a ziggurat.
 47748 | Depths:3 | Found a large runed door.
 47772 | Depths:3 | Received a gift from Trog
 47946 | Depths:3 | Found a sparkling altar of Nemelex Xobeh.
 48223 | Depths:3 | Reached XP level 25. HP: 223/223 MP: 14/35
 48269 | Depths:3 | Got a slimy amber ring
 48270 | Depths:3 | Identified the cursed ring of Duryax {+Inv Dex-5} (You found it on level 3 of the Depths)
 48343 | Depths:5 | Entered Level 5 of the Depths
 48520 | Depths:5 | Received a gift from Trog
 48768 | Depths:4 | Reached skill level 24 in Fighting
 48939 | Depths:4 | Noticed a juggernaut
 48967 | Depths:4 | Killed a juggernaut
 49155 | Depths:4 | Received a gift from Trog
 49293 | Depths:4 | Received a gift from Trog
 49808 | Depths:5 | Found a gate to the Realm of Zot.
 50480 | Tomb:1   | Entered Level 1 of the Tomb of the Ancients
 50758 | Tomb:1   | Reached skill level 25 in Fighting
 51157 | Tomb:1   | Reached XP level 26. HP: 235/235 MP: 14/35
 51290 | Tomb:1   | Noticed a greater mummy
 51320 | Tomb:1   | Killed a greater mummy
 51494 | Tomb:1   | Noticed a greater mummy
 51519 | Tomb:1   | Killed a greater mummy
 51744 | Tomb:2   | Noticed a greater mummy
 51744 | Tomb:2   | Noticed a greater mummy
 51744 | Tomb:2   | Noticed an ancient lich
 51744 | Tomb:2   | Noticed an ancient lich
 51835 | Tomb:1   | Killed an ancient lich
 51891 | Tomb:1   | Killed a greater mummy
 52092 | Tomb:2   | Killed an ancient lich
 52092 | Tomb:2   | Received a gift from Trog
 52106 | Tomb:2   | Killed a greater mummy
 52299 | Tomb:1   | Noticed a greater mummy
 52299 | Tomb:1   | Noticed a greater mummy
 52312 | Tomb:1   | Killed a greater mummy
 52326 | Tomb:1   | Killed a greater mummy
 52402 | Tomb:1   | Noticed a greater mummy
 52421 | Tomb:1   | Noticed a greater mummy
 52422 | Tomb:1   | Killed a greater mummy
 52445 | Tomb:1   | Killed a greater mummy
 52571 | Tomb:1   | Noticed a greater mummy
 52578 | Tomb:1   | Noticed a greater mummy
 52580 | Tomb:1   | Noticed a greater mummy
 52588 | Tomb:1   | Killed a greater mummy
 52595 | Tomb:1   | Killed a greater mummy
 52599 | Tomb:1   | Killed a greater mummy
 52797 | Tomb:1   | Noticed a greater mummy
 52802 | Tomb:1   | Noticed a greater mummy
 53363 | Tomb:1   | Noticed a greater mummy
 53368 | Tomb:1   | Reached skill level 26 in Fighting
 53369 | Tomb:1   | Noticed a greater mummy
 53380 | Tomb:1   | Killed a greater mummy
 53382 | Tomb:1   | Killed a greater mummy
 53403 | Tomb:1   | Killed a greater mummy
 53443 | Tomb:1   | Noticed a greater mummy
 53460 | Tomb:1   | Killed a greater mummy
 53467 | Tomb:1   | Noticed a greater mummy
 53487 | Tomb:1   | Killed a greater mummy
 53493 | Tomb:1   | Killed a greater mummy
 53720 | Tomb:1   | Noticed a greater mummy
 53726 | Tomb:1   | Killed a greater mummy
 53727 | Tomb:1   | Noticed a greater mummy
 53745 | Tomb:1   | Killed a greater mummy
 54332 | Tomb:3   | Entered Level 3 of the Tomb of the Ancients
 54388 | Tomb:2   | Reached XP level 27. HP: 245/245 MP: 14/35
 54520 | Tomb:3   | Noticed a greater mummy
 54609 | Tomb:3   | Noticed a greater mummy
 54610 | Tomb:3   | Noticed a greater mummy
 54635 | Tomb:3   | Noticed a greater mummy
 54652 | Tomb:2   | Killed a greater mummy
 54711 | Tomb:2   | Killed a greater mummy
 54775 | Tomb:3   | Noticed a greater mummy
 54792 | Tomb:2   | Killed a greater mummy
 54884 | Tomb:2   | Killed a greater mummy
 54981 | Tomb:2   | Killed a greater mummy
 55057 | Tomb:2   | Reached skill level 15 in Throwing
 55122 | Tomb:3   | Gained mutation: You are occasionally teleported next to monsters. [a neqoxec]
 55163 | Tomb:3   | Noticed a greater mummy
 55182 | Tomb:3   | Noticed a greater mummy
 55185 | Tomb:3   | Killed a greater mummy
 55359 | Tomb:2   | Upgraded the game from 0.18-a0-1323-g706dcef to 0.18-a0-1343-g48c8f86
 55369 | Tomb:3   | Killed a greater mummy
 55378 | Tomb:3   | Noticed a greater mummy
 55472 | Tomb:3   | Noticed a greater mummy
 55484 | Tomb:3   | Killed a greater mummy
 55495 | Tomb:3   | Killed a greater mummy
 56285 | Depths:3 | Lost mutation: You are occasionally teleported next to monsters. [potion of cure mutation]
 56296 | Zig:1    | Entered Level 1 of a ziggurat
 56336 | Zig:2    | Entered Level 2 of a ziggurat
 56596 | Zig:3    | Entered Level 3 of a ziggurat
 56630 | Zig:3    | Identified the Almanac of Attacks (You found it on level 3 of a ziggurat)
 56651 | Zig:4    | Entered Level 4 of a ziggurat
 56666 | Zig:4    | Received a gift from Trog
 56706 | Zig:5    | Entered Level 5 of a ziggurat
 56748 | Zig:6    | Entered Level 6 of a ziggurat
 56812 | Zig:6    | Got a twisted hand axe
 56813 | Zig:6    | Identified the cursed +1 hand axe of the Lost Planets {chop, +Fly MR++ Str-4 Dex+2} (You found it on level 6 of a ziggurat)
 56874 | Zig:7    | Entered Level 7 of a ziggurat
 56890 | Zig:8    | Entered Level 8 of a ziggurat
 57158 | Zig:9    | Entered Level 9 of a ziggurat
 57219 | Zig:9    | Gained mutation: You are frail (-10% HP). [a shining eye]
 57229 | Zig:9    | Gained mutation: Scrolls take you a little longer to read. [a shining eye]
 57306 | Zig:9    | Got an ichor-stained war axe
 57307 | Zig:9    | Identified the +7 war axe "Beastslayer" {drain, rF+ rN+ Dex-3} (You found it on level 9 of a ziggurat)
 57382 | Zig:9    | Reached skill level 10 in Shields
 57384 | Zig:10   | Entered Level 10 of a ziggurat
 57425 | Zig:10   | Received a gift from Trog
 57517 | Zig:10   | Lost mutation: You are frail (-10% HP). [potion of cure mutation]
 57517 | Zig:10   | Lost mutation: Scrolls take you a little longer to read. [potion of cure mutation]
 57544 | Zig:11   | Entered Level 11 of a ziggurat
 57544 | Zig:11   | Noticed Oracle's ghost (legendary FoFi)
 57573 | Zig:11   | Killed Oracle's ghost
 57584 | Zig:11   | Noticed a greater mummy
 57590 | Zig:11   | Noticed a greater mummy
 57598 | Zig:11   | Killed a greater mummy
 57642 | Zig:11   | Killed a greater mummy
 57688 | Zig:11   | Got an ancient chain mail
 57738 | Zig:11   | Identified the cursed +0 chain mail of Depression {Str+3} (You found it on level 11 of a ziggurat)
 57828 | Zig:12   | Entered Level 12 of a ziggurat
 57864 | Zig:12   | Received a gift from Trog
 58021 | Zig:12   | Got a pair of encrusted gloves
 58023 | Zig:12   | Identified the +0 pair of gloves "Qyntiavo" {rElec rPois rF+ rN+} (You found it on level 12 of a ziggurat)
 58039 | Zig:12   | Got a pitted lead amulet
 58040 | Zig:12   | Identified the amulet "Qitod" {Faith rElec rC+ rN+ Int-2} (You found it on level 12 of a ziggurat)
 58064 | Zig:13   | Entered Level 13 of a ziggurat
 58098 | Zig:13   | Received a gift from Trog
 58181 | Zig:13   | Identified the Tome of the Damaging Blaze
 58184 | Zig:13   | Got a glittering iron ring
 58185 | Zig:13   | Identified the ring "Felad" {Wiz +Fly Dex+2} (You found it on level 13 of a ziggurat)
 58191 | Zig:13   | Got an encrusted ring mail
 58202 | Zig:13   | Identified the cursed +0 ring mail "Qynaroth" {-Tele rC+ MR++ Regen+} (You found it on level 13 of a ziggurat)
 58244 | Zig:14   | Entered Level 14 of a ziggurat
 58273 | Zig:14   | Noticed an ancient lich
 58282 | Zig:14   | Noticed an ancient lich
 58290 | Depths:3 | Reached skill level 15 in Armour
 58769 | Swamp:1  | Entered Level 1 of the Swamp
 58966 | Swamp:1  | Noticed Donald
 58991 | Swamp:1  | Killed Donald
 59163 | Swamp:1  | Noticed Josephine
 59182 | Swamp:1  | Killed Josephine
 59182 | Swamp:1  | Received a gift from Trog
 59626 | Swamp:2  | Noticed Roxanne
 59640 | Swamp:2  | Killed Roxanne
 60132 | Swamp:3  | Noticed Jorgrun
 60146 | Swamp:3  | Killed Jorgrun
 60755 | Swamp:4  | Entered Level 4 of the Swamp
 60888 | Swamp:4  | Received a gift from Trog
 61552 | Swamp:4  | Got a decaying rune of Zot
 62247 | Zot:1    | Entered Level 1 of the Realm of Zot
 62854 | Zot:1    | Received a gift from Trog
 62933 | Zot:1    | Got a pair of fine gloves
 62944 | Zot:1    | Identified the cursed -1 pair of gloves "Niest" {Str-2 Dex+2 SInv} (You found it on level 1 of the Realm of Zot)
 64379 | Zot:3    | Received a gift from Trog
 64491 | Zot:3    | Reached skill level 15 in Shields
 65598 | Zot:4    | Received a gift from Trog
 65752 | Zot:4    | Received a gift from Trog
 66399 | Zot:5    | Entered Level 5 of the Realm of Zot
 66437 | Zot:5    | Found a sacrificial altar of Ru.
 66839 | Zot:5    | Received a gift from Trog
 66911 | Zot:5    | Noticed an ancient lich
 66923 | Zot:5    | Killed an ancient lich
 66959 | Zot:5    | Noticed an ancient lich
 66982 | Zot:5    | Killed an ancient lich
 67236 | Zot:5    | Noticed an orb of fire
 67241 | Zot:5    | Gained mutation: Your body sometimes deteriorates upon taking damage. [an orb of fire]
 67245 | Zot:5    | Gained mutation: You are weak. (Str -2) [an orb of fire]
 67246 | Zot:5    | Noticed an ancient lich
 67256 | Zot:5    | Killed an orb of fire
 67268 | Zot:5    | Killed an ancient lich
 67306 | Zot:5    | Noticed an orb of fire
 67381 | Zot:5    | Gained mutation: You passively map a small area around you. [an orb of fire]
 67382 | Zot:5    | Gained mutation: You are very weak. (Str -4) [an orb of fire]
 67389 | Zot:5    | Gained mutation: Your natural rate of healing is unusually fast. [an orb of fire]
 67413 | Zot:5    | Killed an orb of fire
 67416 | Zot:5    | Lost mutation: You passively map a small area around you. [potion of cure mutation]
 67416 | Zot:5    | Lost mutation: Your body sometimes deteriorates upon taking damage. [potion of cure mutation]
 67416 | Zot:5    | Lost mutation: Your natural rate of healing is unusually fast. [potion of cure mutation]
 67416 | Zot:5    | Lost mutation: You are very weak. (Str -4) [potion of cure mutation]
 67416 | Zot:5    | Lost mutation: You are weak. (Str -2) [potion of cure mutation]
 67475 | Zot:5    | Reached skill level 27 in Fighting
 67525 | Zot:5    | Noticed an orb of fire
 67537 | Zot:5    | Gained mutation: You evolve. [an orb of fire]
 67549 | Zot:5    | Killed an orb of fire
 67559 | Zot:5    | Received a gift from Trog
 67587 | Zot:5    | Noticed an ancient lich
 67596 | Zot:5    | Killed an ancient lich
 67616 | Zot:5    | Noticed an ancient lich
 67616 | Zot:5    | Upgraded the game from 0.18-a0-1343-g48c8f86 to 0.18-a0-1347-gb9e2fb4
 67618 | Zot:5    | Noticed an orb of fire
 67628 | Zot:5    | Gained mutation: You occasionally shout uncontrollably at your foes. [an orb of fire]
 67634 | Zot:5    | Gained mutation: You are frail (-10% HP). [an orb of fire]
 67636 | Zot:5    | Killed an orb of fire
 67645 | Zot:5    | Killed an ancient lich
 67757 | Zot:5    | Noticed an ancient lich
 67763 | Zot:5    | Killed an ancient lich
 67843 | Zot:5    | Noticed an orb of fire
 67846 | Zot:5    | Gained mutation: Scrolls take you a little longer to read. [an orb of fire]
 67855 | Zot:5    | Killed an orb of fire
 67966 | Zot:5    | Received a gift from Trog
 68935 | Tomb:3   | Lost mutation: You occasionally shout uncontrollably at your foes. [potion of cure mutation]
 68935 | Tomb:3   | Lost mutation: Scrolls take you a little longer to read. [potion of cure mutation]
 68935 | Tomb:3   | Lost mutation: You evolve. [potion of cure mutation]
 68935 | Tomb:3   | Lost mutation: You are frail (-10% HP). [potion of cure mutation]
 69332 | Tomb:3   | Got a golden rune of Zot
 69453 | Tomb:3   | Got a bronze ring mail
 69468 | Tomb:3   | Got an ancient platinum ring
 69474 | Tomb:3   | Identified the +1 ring mail of Ladders and Snakes {rPois rCorr} (You found it on level 3 of the Tomb of the Ancients)
 69478 | Tomb:3   | Identified the ring "Pemeuf" {rElec rF+ rN+ SInv} (You found it on level 3 of the Tomb of the Ancients)
 69481 | Tomb:3   | Got a clouded copper ring
 69482 | Tomb:3   | Identified the ring "Anumilunu" {rPois rN+ Str+5 Dex-4 SInv} (You found it on level 3 of the Tomb of the Ancients)
 70047 | Zig:1    | Entered Level 1 of a ziggurat
 70097 | Zig:2    | Entered Level 2 of a ziggurat
 70130 | Zig:3    | Entered Level 3 of a ziggurat
 70141 | Zig:3    | Got a jade-studded leather armour
 70201 | Zig:3    | Identified the +2 leather armour of Eternity {rC++} (You found it on level 3 of a ziggurat)
 70206 | Zig:4    | Entered Level 4 of a ziggurat
 70272 | Zig:5    | Entered Level 5 of a ziggurat
 70318 | Zig:5    | Got a vibrating zirconium amulet
 70337 | Zig:5    | Identified the amulet "Baddeimo" {+Rage rN+ Str-3 Int+4} (You found it on level 5 of a ziggurat)
 70345 | Zig:6    | Entered Level 6 of a ziggurat
 70531 | Zig:6    | Got a serpentine bone ring
 70548 | Zig:7    | Entered Level 7 of a ziggurat
 70644 | Zig:7    | Identified the ring of the Five Spirits {rPois MR+ AC+1 Dex-2 Slay+3} (You found it on level 6 of a ziggurat)
 70789 | Zig:8    | Entered Level 8 of a ziggurat
 70798 | Zig:8    | Noticed an ancient lich
 70813 | Zig:8    | Killed an ancient lich
 71055 | Zig:9    | Entered Level 9 of a ziggurat
 71112 | Zig:9    | Received a gift from Trog
 71148 | Zig:9    | Received a gift from Trog
 71205 | Zig:10   | Entered Level 10 of a ziggurat
 71247 | Zig:10   | Noticed Jaggig the pandemonium lord
 71295 | Zig:10   | Paralysed by a giant eyeball for 2 turns
 71306 | Zig:10   | Paralysed by a giant eyeball for 4 turns
 71312 | Zig:10   | Killed Jaggig the pandemonium lord
 71453 | Zig:10   | Got an ancient bronze ring
 71454 | Zig:10   | Identified the ring of Bezxidd {rC+ MR+ Dex+2} (You found it on level 10 of a ziggurat)
 71459 | Zig:11   | Entered Level 11 of a ziggurat
 71486 | Zig:11   | Noticed an ancient lich
 71486 | Zig:11   | Noticed an ancient lich
 71500 | Zig:11   | Killed an ancient lich
 71511 | Zig:11   | Killed an ancient lich
 71653 | Zig:11   | Gained mutation: Your muscles are strong. (Str +2) [potion of beneficial mutation]
 71673 | Zig:12   | Entered Level 12 of a ziggurat
 71680 | Zig:12   | Noticed Sufebe the pandemonium lord
 71687 | Zig:12   | Noticed Joips the pandemonium lord
 71688 | Zig:12   | Noticed Biyl the pandemonium lord
 71688 | Zig:12   | Noticed Tuar Etixa the pandemonium lord
 71693 | Zig:12   | Killed Sufebe the pandemonium lord
 71699 | Zig:12   | Paralysed by you for 2 turns
 71709 | Zig:12   | Killed Biyl the pandemonium lord
 71716 | Zig:12   | Killed Joips the pandemonium lord
 71737 | Zig:12   | Killed Tuar Etixa the pandemonium lord
 71794 | Zig:12   | Got a heavily runed pewter ring
 71795 | Zig:12   | Identified the ring "Ashriz" {rF- rN+ AC+1 Int+8 Stlth-} (You found it on level 12 of a ziggurat)
 71866 | Zig:13   | Entered Level 13 of a ziggurat
 71899 | Zig:13   | Received a gift from Trog
 71990 | Zig:13   | Received a gift from Trog
 72067 | Zig:14   | Entered Level 14 of a ziggurat
 72197 | Zig:14   | Got a pitted golden amulet
 72198 | Zig:14   | Identified the amulet "Gyjomm" {Faith rElec MP-9 Dex+7 Stlth+} (You found it on level 14 of a ziggurat)
 72251 | Zig:15   | Entered Level 15 of a ziggurat
 72258 | Zig:15   | Noticed Begain the pandemonium lord
 72264 | Zig:15   | Noticed Luowkoj the pandemonium lord
 72268 | Zig:15   | Noticed Gaulaik the pandemonium lord
 72279 | Zig:15   | Noticed Odudil the pandemonium lord
 72282 | Zig:15   | Killed Begain the pandemonium lord
 72285 | Zig:15   | Killed Luowkoj the pandemonium lord
 72289 | Zig:15   | Received a gift from Trog
 72298 | Zig:15   | Killed Gaulaik the pandemonium lord
 72320 | Zig:15   | Killed Odudil the pandemonium lord
 72359 | Zig:15   | Got a transparent war axe
 72360 | Zig:15   | Identified the +9 war axe of Wulirgham {flame, Str+6} (You found it on level 15 of a ziggurat)
 72374 | Zig:15   | Got a crude copper ring
 72375 | Zig:15   | Identified the ring of Hawnib {*Confuse +Fly rPois MP+9 EV+3} (You found it on level 15 of a ziggurat)
 72388 | Zig:15   | Got a dazzling scale mail
 72389 | Zig:15   | Identified the cursed +0 scale mail "Lipn" {*Drain rElec rCorr Str+4} (You found it on level 15 of a ziggurat)
 72502 | Zig:16   | Entered Level 16 of a ziggurat
 72540 | Zig:16   | Received a gift from Trog
 72556 | Zig:16   | Received a gift from Trog
 72608 | Zig:16   | Got a crude bone ring
 72617 | Zig:16   | Identified the ring "Zueloul" {SustAt rF- rC+ Int+4} (You found it on level 16 of a ziggurat)
 72684 | Zig:16   | Got a translucent steel ring
 72687 | Zig:16   | Got a heavily runed amber ring
 72689 | Zig:16   | Identified the ring "Viptau" {rCorr +Fly rC+ rN+ Dex+4} (You found it on level 16 of a ziggurat)
 72691 | Zig:16   | Identified the ring "Demudaik" {rElec rN+ Str-3 Int+3 Dex+3} (You found it on level 16 of a ziggurat)
 72700 | Zig:17   | Entered Level 17 of a ziggurat
 72707 | Zig:17   | Noticed an orb of fire
 72715 | Zig:17   | Noticed an orb of fire
 72716 | Zig:17   | Noticed an orb of fire
 72720 | Zig:17   | Gained mutation: You are dopey. (Int -2) [an orb of fire]
 72721 | Zig:17   | Killed an orb of fire
 72722 | Zig:17   | Noticed an orb of fire
 72723 | Zig:17   | Noticed an orb of fire
 72732 | Zig:17   | Gained mutation: You are frail (-10% HP). [an orb of fire]
 72732 | Zig:17   | Gained mutation: Scrolls take you a little longer to read. [an orb of fire]
 72735 | Zig:17   | Lost mutation: Scrolls take you a little longer to read. [potion of cure mutation]
 72735 | Zig:17   | Lost mutation: You are frail (-10% HP). [potion of cure mutation]
 72735 | Zig:17   | Lost mutation: Your muscles are strong. (Str +2) [potion of cure mutation]
 72735 | Zig:17   | Lost mutation: You are dopey. (Int -2) [potion of cure mutation]
 72735 | Zig:17   | Gained mutation: You occasionally shout uncontrollably at your foes. [an orb of fire]
 72743 | Zig:17   | Got a pair of dazzling boots
 72749 | Zig:18   | Entered Level 18 of a ziggurat
 72762 | Zig:18   | Noticed Aroygogh the pandemonium lord
 72765 | Zig:18   | Noticed Loukk the pandemonium lord
 72770 | Zig:18   | Gained mutation: Potions and wands are less effective at restoring your health. [a cacodemon]
 72773 | Zig:18   | Noticed Giabeol the pandemonium lord
 72775 | Zig:18   | Killed Aroygogh the pandemonium lord
 72776 | Zig:18   | Noticed Kowuts the pandemonium lord
 72779 | Zig:18   | Noticed Gapeps the pandemonium lord
 72779 | Zig:18   | Noticed Miasixte the pandemonium lord
 72779 | Zig:18   | Noticed Vuimeck the pandemonium lord
 72779 | Zig:18   | Noticed Piotetze the pandemonium lord
 72780 | Zig:18   | Noticed Aly Itogas the pandemonium lord
 72943 | D:13     | Identified the +2 pair of boots "Heasoaq" {rF++ rN+} (You found it on level 17 of a ziggurat)
 72955 | D:13     | Lost mutation: You occasionally shout uncontrollably at your foes. [potion of cure mutation]
 72955 | D:13     | Lost mutation: Potions and wands are less effective at restoring your health. [potion of cure mutation]
 72956 | D:13     | Gained mutation: You are covered in fur (AC +1). [potion of beneficial mutation]
 73080 | Hell     | Entered the Vestibule of Hell
 73080 | Hell     | Noticed Geryon
 73088 | Hell     | Killed Geryon
 73115 | Hell     | Found a gateway to the freezing wastes of Cocytus.
 73214 | Coc:1    | Entered Level 1 of Cocytus
 73590 | Coc:3    | You fall through a shaft for 3 floors!
 73646 | Coc:6    | Gained mutation: Potions and wands are less effective at restoring your health. [mutagenic glow]
 73678 | Coc:7    | Entered Level 7 of Cocytus
 73726 | Coc:7    | Lost mutation: Potions and wands are less effective at restoring your health. [potion of cure mutation]
 73726 | Coc:7    | Lost mutation: You are covered in fur (AC +1). [potion of cure mutation]
 73734 | Coc:7    | Gained mutation: You are clumsy. (Dex -2) [mutagenic glow]
 73906 | Coc:7    | Received a gift from Trog
 74065 | Coc:7    | Noticed Antaeus
 74109 | Coc:7    | HP: 11/248 [Antaeus/flash freeze (24)]
 74111 | Coc:7    | HP: 2/248 [Antaeus/hand axe of venom (6)]
 74116 | Coc:7    | HP: 9/249 [poisoned by Antaeus]
 74119 | Coc:7    | HP: 1/249 [Antaeus/flash freeze (8)]
 74120 | Coc:7    | Killed Antaeus
 74126 | Coc:7    | HP: 2/249 [poisoned by Antaeus]
 74134 | Coc:7    | HP: 11/249 [poisoned by Antaeus]
 74182 | Coc:7    | Got a slimy platinum amulet
 74199 | Coc:7    | Got an icy rune of Zot
 74289 | Coc:7    | Got a dazzling buckler
 74300 | Coc:7    | Identified the +2 buckler of Vlad {rF+ Int+6} (You found it on level 7 of Cocytus)
 74535 | Hell     | Identified the amulet "Biemysom" {Faith rF- Str+4 Int+3 Slay+3} (You took it off Antaeus on level 7 of Cocytus)
 74726 | Hell     | Found a gateway to the decaying netherworld of Tartarus.
 74751 | Tar:1    | Entered Level 1 of Tartarus
 74871 | Tar:1    | Received a gift from Trog
 75578 | Tar:2    | Gained mutation: You tend to lose your temper in combat. [mutagenic glow]
 75602 | Tar:2    | Gained mutation: You are weak. (Str -2) [mutagenic glow]
 75611 | Tar:2    | Lost mutation: You are weak. (Str -2) [potion of cure mutation]
 75611 | Tar:2    | Lost mutation: You are clumsy. (Dex -2) [potion of cure mutation]
 75611 | Tar:2    | Lost mutation: You tend to lose your temper in combat. [potion of cure mutation]
 75789 | Tar:4    | Received a gift from Trog
 77112 | Tar:7    | Entered Level 7 of Tartarus
 77464 | Tar:7    | Noticed an ancient lich
 77478 | Tar:7    | Killed an ancient lich
 77481 | Tar:7    | Received a gift from Trog
 77653 | Tar:7    | Got a fine war axe
 77654 | Tar:7    | Identified the +6 war axe of Desperation {elec, rF+ Int+2 Stlth+} (You found it on level 7 of Tartarus)
 77981 | Tar:7    | Noticed Ereshkigal
 78023 | Tar:7    | Killed Ereshkigal
 78064 | Tar:7    | Got a bone rune of Zot
 78416 | Hell     | Found a gateway to the ashen valley of Gehenna.
 78457 | Geh:1    | Entered Level 1 of Gehenna
 78734 | Geh:2    | Received a gift from Trog
 79099 | Geh:4    | Received a gift from Trog
 79309 | Geh:7    | Entered Level 7 of Gehenna
 80444 | Geh:7    | Received a gift from Trog
 80670 | Geh:7    | Got a pitted golden amulet
 80674 | Geh:7    | Identified the amulet of Zuokunix {Gourm Str+5 Dex+2 SInv} (You found it on level 7 of Gehenna)
 80986 | Geh:7    | Noticed Asmodeus
 81086 | Geh:7    | Received a gift from Trog
 81260 | Geh:7    | Received a gift from Trog
 81415 | Geh:7    | Killed Asmodeus
 81437 | Geh:7    | Received a gift from Trog
 81467 | Geh:7    | Got an obsidian rune of Zot
 82069 | Hell     | Found a gateway to the Iron City of Dis.
 82217 | Dis:1    | Entered Level 1 of the Iron City of Dis
 82861 | Dis:1    | Received a gift from Trog
 84253 | Dis:4    | Received a gift from Trog
 85364 | Dis:4    | Received a gift from Trog
 87126 | Dis:7    | Entered Level 7 of the Iron City of Dis
 87172 | Dis:7    | Received a gift from Trog
 87346 | Dis:7    | Received a gift from Trog
 87551 | Dis:7    | Gained mutation: You are frail (-10% HP). [a cacodemon]
 87719 | Dis:7    | Gained mutation: You are occasionally teleported next to monsters. [a cacodemon]
 87723 | Dis:7    | Gained mutation: You occasionally shout uncontrollably at your foes. [a cacodemon]
 87918 | Dis:7    | Lost mutation: You occasionally shout uncontrollably at your foes. [potion of cure mutation]
 87918 | Dis:7    | Lost mutation: You are frail (-10% HP). [potion of cure mutation]
 87918 | Dis:7    | Lost mutation: You are occasionally teleported next to monsters. [potion of cure mutation]
 87918 | Dis:7    | Gained mutation: Your magical capacity is low (-10% MP). [mutagenic glow]
 88156 | Dis:7    | HP: 11/249 [iron giant/iron shot (23)]
 88309 | Dis:7    | Thrown by an iron giant

Vault maps used:
D:1:      lemuel_arrival_broad_hall, minivault_4, hex_intersection
D:2:      kennysheep_generic_room_16
D:3:      lemuel_doored_altar, old_standard_altar, first_bread, uniq_terence
D:4:      uniq_duvessa
D:5:      lemuel_ratsnest, nicolae_overflow_crystal_walls,
          gammafunk_temple_overflow_statue, minmay_temple_entry_mist,
          portal_sewer_entry_d, tgw_fedhas
D:6:      minmay_misc_feat_columns, kennysheep_okawaru_gauntlet
D:7:      uniq_joseph
D:8:      eino_tiny_chamber
D:9:      kennysheep_orc_monster_closet_entryway
D:10:     the_bakery
D:11:     minmay_lair_entry_lava
D:12:     basic_altar, serial_shops, nicolae_shop_behind_doors, uniq_rupert
D:13:     serial_shops, shop
D:14:     david_vaults_2, minmay_misc_feat_five, bh_hangedman_babel_library
D:15:     grunt_enter_depths_magical_seal, serial_ice, serial_ice_i,
          serial_ice_n, serial_ice_b, serial_ice_e, serial_ice_d, serial_ice_g,
          grunt_qazlal_clouds
Lair:1:   uniq_harold, uniq_gastronok, uniq_fannar
Lair:2:   beast_lair_carwin_10
Lair:3:   forest_entry_grove
Lair:4:   minmay_snake_entry_six_corridors, lemuel_centaur_altar
Lair:5:   lightli_volcano_entry_magma_tube, grunt_megastairs_4, uniq_kirke
Lair:6:   minmay_swamp_entry_worms, minmay_slime_entry_oklob_enclosed,
          cheibrodos_lair_caveside_slide, st_stairs_11,
          infiniplex_staircase_pool
Lair:7:   dpeg_oklob_gauntlet, portal_ice_cave_entry_animals_and_master
Lair:8:   hangedman_lair_tendril_chambers, hangedman_lair_caniforms_friends,
          lab_entry_generic
Swamp:1:  nicolae_swamp_trees_clearing, uniq_donald, uniq_josephine
Swamp:2:  serial_swamp_ruin, evilmike_swamp_ruin_house_5,
          evilmike_swamp_ruin_house_2, evilmike_swamp_ruin_rubble_1,
          uniq_roxanne
Swamp:3:  hangedman_swamp_lotus, swamp_pool2, uniq_jorgrun
Swamp:4:  swamp_vile
Snake:1:  cheibrodos_snake_ritualist_ritual
Snake:2:  special_room
Snake:3:  serial_bayou_lagoon_a, lemuel_fruit_tree, uniq_norris, uniq_saint_roka
Snake:4:  johnstein_snake_rune_scales, serial_shops, shop, stair_cage_line
Orc:2:    kennysheep_orc_mage_school, basic_altar, nicolae_orc_crystal_geode
Elf:1:    serial_shops, shop, serial_glass, glass_columns_a, glass_columns_a,
          glass_columns_b, glass_columns_c, glass_columns_b, glass_columns_b,
          glass_columns_b, glass_columns_b, glass_columns_b, glass_columns_c,
          glass_columns_a, glass_columns_a, glass_columns_a, glass_columns_a,
          minmay_elf_annihilation, st_stairs_13, uniq_louise
Elf:2:    serial_shops, nicolae_shop_trees
Elf:3:    grunt_elf_hall_asides
Vaults:1: v_alt_pattern_5, v_rooms_2, grunt_vaults_trifunnel, st_lattice,
          vaults_room_fancy_cross, vaults_dpeg_doors, vaults_room_fours,
          ontoclasm_vaults_tryst, dpeg_vaults_monster_box, vaults_room_hallway,
          v_pattern_3
Vaults:2: v_misc_5, minmay_crypt_entry_simple_sparse, st_eye,
          vaults_mumra_chevron_long, hangedman_vaults_impose, vaults_dpeg_cross,
          ontoclasm_vaults_hangar, v_rooms_1, nicolae_vaults_alarming
Vaults:3: nicolae_vaults_big_ls, ontoclasm_vaults_bender, kb_rosetta,
          ontoclasm_vaults_twist, ontoclasm_vaults_misaligned, v_misc_17,
          ontoclasm_vaults_decontamination, nicolae_vaults_little_squares_3,
          vaults_mumra_minichess, nicolae_vaults_little_squares_6,
          hangedman_vaults_impose, nicolae_vaults_little_squares_6,
          serial_shops, nicolae_shop_waterfront
Vaults:4: ontoclasm_vaults_shuriken, hangedman_vaults_locks,
          nicolae_vaults_arrows, v_misc_33, vaults_mumra_chevron,
          nicolae_vaults_mini_display_case, v_misc_28, v_misc_5,
          vaults_room_semicircle, nicolae_vaults_murderbox,
          ontoclasm_vaults_hangar, uniq_mennas, uniq_margery
Vaults:5: serial_shops
Crypt:1:  ragdoll_tomb_raider, uniq_frederick
Crypt:2:  st_stairs_10
Crypt:3:  cryptofortress_bobbens
Depths:1: hell_entry, minmay_misc_feat_doors, lemuel_another_geyser,
          infiniplex_staircase_pool_lava, serial_bayou_shore_a
Depths:2: kennysheep_water_balloons, grunt_pan_entry_spiral,
          kennysheep_big_empty_room, hell_entry
Depths:3: lightli_eight_chambers, enter_ziggurat_e, hell_entry,
          serial_bayou_ford_a, grunt_pan_entry_in_and_out, abyss_entry,
          nemelex_deck
Depths:4: kennysheep_blocky_room, hell_entry, rand_demon_pan_entry_9,
          abyss_entry_small_statue_room
Depths:5: grunt_zot_entry_bicorn, abyss_entry, pf_hell_entry_tar_river,
          hangedman_decor_points
Dis:4:    hangedman_dis_monolith
Dis:7:    dis_st
Geh:1:    lemuel_flamethrower_3
Geh:2:    grunt_deathspiral_small
Geh:4:    lemuel_flamethrower_2
Geh:7:    geh_grunt
Coc:7:    coc_grunt_cove
Tar:3:    grunt_megastairs_1
Tar:5:    grunt_megastairs_3
Tar:7:    tar_old
Zot:2:    nicolae_zot_stationary_front, st_stairs_4, grunt_megastairs_2
Zot:3:    hangedman_swamp_dais
Zot:5:    basic_altar, st_stairs_6
Abyss:2:  evilmike_abyss_exit_plants
Zig:3:    ziggurat_loot_3
Zig:6:    ziggurat_pillar_centre_smoke
Zig:8:    ziggurat_pillar_centre_oklobs
Zig:9:    ziggurat_loot_3
Zig:10:   ziggurat_pillar_centre_c
Zig:11:   ziggurat_pillar_centre_dead_trees
Lab:      nicolae_lab_stuck
Sewer:    sewer_big_baddie
IceCv:    ice_cave_statue_garden_01
Volcano:  volcano_bunker

Action                   |  1- 3 |  4- 6 |  7- 9 | 10-12 | 13-15 | 16-18 | 19-21 | 22-24 | 25-27 || total
-------------------------+-------+-------+-------+-------+-------+-------+-------+-------+-------++-------
Melee: Hand axe          |   127 |   200 |   248 |     6 |    29 |  1109 |       |       |       ||  1719
       War axe           |       |       |   122 |   187 |       |       |       |       |  3524 ||  3833
       Broad axe         |       |       |       |   401 |  1282 |   807 |  1686 |  1323 |  5021 || 10520
       Battleaxe         |       |       |       |       |    32 |       |       |       |       ||    32
 Fire: Blowgun           |       |       |       |       |     8 |       |       |       |    81 ||    89
Throw: Javelin           |       |       |       |    10 |    20 |    22 |       |     1 |   182 ||   235
Invok: Berserk           |     2 |     3 |     5 |    11 |     3 |     4 |     1 |     4 |    36 ||    69
       Trog's Hand       |       |     1 |     1 |     3 |     8 |     6 |     4 |    14 |    51 ||    88
       Burn Spellbooks   |       |       |       |     1 |    10 |     3 |     6 |     8 |    27 ||    55
       Brothers in Arms  |       |       |       |     1 |     3 |     3 |     3 |       |    20 ||    30
 Abil: Evoke Flight      |       |       |       |       |       |       |       |       |     5 ||     5
       Stop Flying       |       |       |       |       |       |       |       |       |     2 ||     2
       Evoke Blink       |       |       |       |       |       |       |       |       |     2 ||     2
Evoke: Wand              |       |       |     5 |     8 |     4 |     5 |       |     2 |    49 ||    73
       Figurine of a zig |       |       |       |       |       |       |       |       |     1 ||     1
       Phantom mirror    |       |       |       |       |       |       |       |       |     1 ||     1
  Use: Scroll            |     5 |     4 |     7 |     7 |    26 |    10 |     2 |    15 |    88 ||   164
       Potion            |       |       |       |     5 |     5 |     5 |     4 |    19 |    58 ||    96
 Stab: Sleeping          |     2 |     2 |       |       |       |     2 |    44 |    56 |   221 ||   327
       Confused          |       |       |     1 |       |       |       |       |       |       ||     1
       Distracted        |       |       |       |       |     2 |     1 |     8 |     9 |    68 ||    88
       Invisible         |       |       |       |       |       |       |       |    16 |     6 ||    22
       Petrified         |       |       |       |       |       |       |       |       |     3 ||     3
  Eat: Chunk             |     1 |     7 |    14 |    19 |    15 |     2 |     3 |     3 |     6 ||    70
       Pizza             |       |     1 |     3 |       |     1 |     1 |     1 |     2 |     5 ||    14
       Bread ration      |       |       |     1 |     1 |     2 |       |     2 |     1 |    12 ||    19
       Meat ration       |       |       |     1 |       |       |     1 |     3 |     4 |    15 ||    24
       Royal jelly       |       |       |       |     1 |     1 |     1 |     1 |       |    21 ||    25
       Beef jerky        |       |       |       |     4 |     9 |    14 |     1 |     2 |     7 ||    37
       Fruit             |       |       |       |       |     4 |     8 |       |       |     9 ||    21
